 Dungeon Crawl Stone Soup version 0.31.0-11-ge490571c62 (webtiles) character file.

Game seed: 4015262421490441575

110 qw the Skirmisher (level 4, -1/25 HPs)
             Began as a Deep Elf Hunter on Feb 4, 2024.
             Incinerated by a bombardier beetle (2 damage)
             ... with a burning spray
             ... on level 3 of the Dungeon.
             The game lasted 00:00:05 (1245 turns).

qw the Skirmisher (Deep Elf Hunter)                 Turns: 1245, Time: 00:00:06

Health: -1/25      AC:  6    Str: 10    XL:     4   Next: 61%
Magic:  15/15      EV: 11    Int: 14    God:
Gold:   104        SH:  0    Dex: 18    Spells: 3/3 levels left

rFire   + . .        a - +0 shortbow
rCold   . . .        (shield currently unavailable)
rNeg    . . .        d - +0 ring mail
rPois   .            k - +0 helmet
rElec   .            (no cloak)
rCorr   .            (no gloves)
SInv    +            (no boots)
Will    +....        (no amulet) Stlth
                     h - ring "Dokar" {Wiz rF+ Will+ MP+9 SInv Stlth-}
HPRegen 0.24/turn    (no ring)
MPRegen 0.14/turn

%: wizardry (x1)
@: on fire, glowing
A: no striking features
a: no special abilities


You were on level 3 of the Dungeon.
You visited 1 branch of the dungeon, and saw 3 of its levels.

You collected 104 gold pieces.


   Skills:
 - Level 1.5 Fighting
 + Level 8.0 Ranged Weapons
 - Level 2.4 Dodging
 - Level 1.2 Stealth


You had 3 spell levels left.
You didn't know any spells.
Your spell library was empty.

Inventory:

Hand Weapons
 a - a +0 shortbow (weapon)
Armour
 d - a +0 ring mail (worn)
 k - a +0 helmet (worn)
Jewellery
 h - the ring "Dokar" (left hand) {Wiz rF+ Will+ MP+9 SInv Stlth-}
   (You found it on level 2 of the Dungeon)

   [ring of wizardry]

   Wiz:       It improves your spell success rate.
   rF+:       It protects you from fire.
   Will+:     It increases your willpower.
   MP+9:      It affects your magic capacity (+9).
   SInv:      It lets you see invisible.
   Stlth-:    It makes you less stealthy.
Scrolls
 e - a scroll of identify
 g - a scroll of teleportation
Potions
 c - a potion of curing

Dungeon Overview and Level Annotations

Branches:
Dungeon (3/15)

Altars:


Message History

You shoot an arrow. The arrow hits the bombardier beetle!
The bombardier beetle is almost dead.
The bombardier beetle sprays incendiary fluid at you.
The burning spray hits you.
You are covered in liquid fire!
You shoot an arrow.
The arrow completely misses the bombardier beetle.
The liquid fire burns you!
The bombardier beetle bites you but does no damage.
You shoot an arrow. The arrow hits the bombardier beetle.
You kill the bombardier beetle!
The liquid fire burns you!
Your Ranged Weapons skill increases to level 8!
You are on fire!
The liquid fire burns you!
You are on fire!
The liquid fire burns you!
You are on fire!
The liquid fire burns you!
You are on fire!
The liquid fire burns you!
You are on fire!
The liquid fire burns you!
You are on fire!
The liquid fire burns you!
You are on fire!
The liquid fire burns you!
You are on fire!
The liquid fire burns you!
You are on fire!
The liquid fire burns you!
You are on fire!
The liquid fire burns you!
You are on fire!
The liquid fire burns you!
You are on fire!
The liquid fire burns you!
You are on fire!
The liquid fire burns you!
You die...

#######.# #.#
# ######.# ..
..>##.# ...
####.##.# ....
#.......#
.....
#.##.####
......###.##.#
.?....)@..##.#
......######.#
..... #.# ####
#.# #.# ...


There were no monsters in sight!

Vanquished Creatures
  A bombardier beetle (D:3)
  3 adders
  8 bats
  3 endoplasms
  2 giant cockroaches (D:1)
  6 goblins
  3 hobgoblins
  5 jackals
  6 kobolds
  2 quokkas (D:2)
  2 ball pythons
  6 frilled lizards
  A rat (D:1)
48 creatures vanquished.

Notes
Turn   | Place    | Note
-------+----------+-------------------------------------------
     0 | D:1      | qw the Deep Elf Hunter began the quest for the Orb.
     0 | D:1      | Reached XP level 1. HP: 12/12 MP: 3/3
     0 | D:1      | 0 ||| qw: Version: 0.3-a-160-g6735b56
     0 | D:1      | 0 ||| qw: Game counter: 5369
     0 | D:1      | 0 ||| qw: Melee chars always use a shield: true
     0 | D:1      | 0 ||| qw: God list: Okawaru
     0 | D:1      | 0 ||| qw: Allow faded altars: false
     0 | D:1      | 0 ||| qw: Do Orc after clearing Dungeon:15 true
     0 | D:1      | 0 ||| qw: Do second Lair branch before Depths: true
     0 | D:1      | 0 ||| qw: Lair rune preference: random
     0 | D:1      | 0 ||| qw: Goals: Normal
     0 | D:1      | 0 ||| PLANNING D:1-11
    97 | D:1      | Reached XP level 2. HP: 16/16 MP: 4/4
   102 | D:1      | Reached skill level 6 in Ranged Weapons
   588 | D:1      | 588 ||| UPGRADING to +0 ring mail.
   598 | D:1      | 598 ||| DROPPING +0 leather armour.
   599 | D:1      | 599 ||| DROPPING +1 robe of willpower.
   600 | D:1      | 600 ||| UPGRADING to +0 helmet.
   605 | D:1      | 605 ||| READING scroll labelled HAGOUNTIMM.
   606 | D:1      | 606 ||| READING 2 scrolls labelled PAAMAK OGARUI.
   611 | D:1      | 611 ||| READING scroll labelled WIOMAE ALEMI.
   612 | D:1      | 612 ||| READING scroll labelled RABBUN RIVOY.
   612 | D:1      | 612 ||| IDENTIFYING orange potion
   613 | D:1      | 613 ||| DRINKING 2 puce potions.
   614 | D:1      | 614 ||| DROPPING scroll of butterflies.
   615 | D:1      | 615 ||| DROPPING potion of brilliance.
   616 | D:1      | 616 ||| DROPPING potion of invisibility.
   625 | D:2      | Reached XP level 3. HP: 20/20 MP: 5/5
   799 | D:2      | Reached skill level 7 in Ranged Weapons
   952 | D:2      | Identified the ring "Dokar" {Wiz rF+ Will+ MP+9 SInv
                  | Stlth-}
  1067 | D:2      | 1067 ||| UPGRADING to ring "Dokar" {Wiz rF+ Will+ MP+9 SInv
                  | Stlth-}.
  1132 | D:2      | 1132 ||| READING 4 scrolls of identify.
  1132 | D:2      | 1132 ||| IDENTIFYING lumpy red potion
  1133 | D:2      | 1133 ||| READING 3 scrolls of identify.
  1133 | D:2      | 1133 ||| IDENTIFYING scroll labelled BYAHUGR HIFREA
  1134 | D:2      | 1134 ||| READING 2 scrolls of identify.
  1134 | D:2      | 1134 ||| IDENTIFYING scroll labelled UTYETASYWKU
  1135 | D:2      | 1135 ||| DROPPING scroll of torment.
  1136 | D:2      | 1136 ||| DROPPING scroll of immolation.
  1161 | D:3      | 1161 ||| STAIRDANCE
  1173 | D:3      | 1173 ||| STAIRDANCE
  1180 | D:3      | Reached XP level 4. HP: 25/25 MP: 6/6
  1233 | D:3      | Reached skill level 8 in Ranged Weapons
  1240 | D:3      | HP: 6/25 [burnt (3)]
  1243 | D:3      | HP: 2/25 [burnt (1)]
  1245 | D:3      | Incinerated by a bombardier beetle

Levels and vault maps discovered:
D:1:      dpeg_arrival_pits, layout_basic, nrook_campfire
D:2:      layout_rooms
D:3:      layout_basic, overflow_temple_1_default,
          nicolae_yredelemnul_corpse_copse, uniq_ijyb, uniq_terence

Skill      XL: |  1  2  3  4 |
---------------+-------------+-----
Ranged Weapons | 6 7 8 |  8.0
Fighting       | |  1.5
Dodging        | |  2.4
Stealth        | |  1.2

Action                     |  1- 3 |  4- 6 || total
---------------------------+-------+-------++-------
   Fire: Shortbow          |    98 |    15 ||   113
    Use: Scroll            |     7 |       ||     7
         Potion            |     1 |       ||     1
 Armour: Leather armour    |     7 |       ||     7
         Ring mail         |    14 |     3 ||    17
  Dodge: Dodged            |    18 |     1 ||    19

Table legend:
 A = Non-vault XP
 B = Vault XP
 C = Vault XP percentage of total XP
 D = Non-vault monster count
 E = Vault monster count
 F = Vault count percentage of total count
                 A         B        C        D         E       F
            +---------+---------+-------+---------+---------+-------
      Total |     158 |       0 |   0.0 |      48 |       0 |   0.0
            +---------+---------+-------+---------+---------+-------
        D:1 |      40 |       0 |   0.0 |      25 |       0 |   0.0
        D:2 |      52 |       0 |   0.0 |      18 |       0 |   0.0
        D:3 |      66 |       0 |   0.0 |       5 |       0 |   0.0
            +---------+---------+-------+---------+---------+-------
